 Dungeon Crawl Stone Soup version 0.30-a0-1053-gbd8d5ba0ad (webtiles) character file.

Game seed: 5727040977942138046

707 drjones the Conjurer (level 7, -4/30 (40) HPs)
             Began as a Gargoyle Reaver on Apr 11, 2023.
             Was an Initiate of Ru.
             Killed by divine providence
             ... invoked by an orc priest
              (12 damage)
             ... on level 3 of the Dungeon.
             The game lasted 00:19:42 (3846 turns).

drjones the Conjurer (Gargoyle Reaver)              Turns: 3846, Time: 00:19:42

HP:   -4/30 (40)    AC: 14    Str: 15    XL:     7   Next: 67%
MP:   13/13         EV: 11    Int: 14    God:    Ru [......]
Gold: 189           SH:  0    Dex: 10    Spells: 10/14 levels left

rFire   . . .      SeeInvis .    a - +0 falchion (flame)
rCold   . . .      Faith    .    (no shield)
rNeg    + . .      Spirit   .    C - +0 robe
rPois   ∞          Reflect  .    D - +0 helmet
rElec   +          Rampage  .    (no cloak)
rCorr   .                        (no gloves)
Will    .....                    i - +2 pair of boots
Stlth   +                        (no amulet)
HPRegen 0.25/turn                h - +4 ring of protection
MPRegen 0.13/turn                (no ring)

@: very heavily drained
A: sickness immunity, AC +4, negative energy resistance 1, electricity
resistance, torment resistance 1, petrification resistance
a: Renounce Religion


You were on level 3 of the Dungeon.
You worshipped Ru.
Ru was noncommittal.
You visited 1 branch of the dungeon, and saw 5 of its levels.

You collected 189 gold pieces.

Inventory:

Hand Weapons
 a - a +0 falchion of flaming (weapon)
 b - a +2 dagger of venom
 B - a +2 flail of venom
Missiles
 j - 3 poisoned darts
Armour
 i - a +2 pair of boots (worn)
 z - a +2 scale mail of willpower
 C - a +0 robe (worn)
 D - a +0 helmet (worn)
Jewellery
 h - a +4 ring of protection (left hand)
Wands
 d - a wand of light (7)
 y - a wand of mindburst (17)
 A - a wand of charming (9)
Scrolls
 e - 2 scrolls of brand weapon
 g - 2 scrolls of fog {unknown}
 k - a scroll of acquirement {unknown}
 l - 2 scrolls of butterflies {unknown}
 m - a scroll of torment {unknown}
 q - a scroll of immolation {unknown}
 r - 2 scrolls of fear {unknown}
 t - 4 scrolls of vulnerability {unknown}
 w - a scroll of amnesia {unknown}
Potions
 c - 2 potions of curing {unknown}
 f - 2 potions of flight {unknown}
 n - 2 potions of magic {unknown}
 o - 3 potions of berserk rage {unknown}
 p - a potion of invisibility {unknown}
 s - a potion of cancellation {unknown}
 u - 5 potions of might {unknown}
 v - 2 potions of resistance {unknown}
 x - 3 potions of attraction {unknown}


   Skills:
 - Level 2.1 Fighting
 + Level 4.6 Long Blades
 - Level 1.5 Dodging
 + Level 4.2 Spellcasting
 + Level 5.7 Conjurations
 + Level 3.3 Ice Magic


You had 10 spell levels left.
You knew the following spells:

 Your Spells              Type           Power      Damage    Failure   Level
a - Kiss of Death         Conj/Necr      40%        2d8       6%          1
b - Hailstorm             Conj/Ice       15%        3d5       9%          3

Your spell library contained the following spells:

 Spells                   Type           Power      Damage    Failure   Level
 Momentum Strike          Conj/Tloc      20%        3d8       9%          2
 Dazzling Flash           Conj/Hex       20%        N/A       17%         3
 Mephitic Cloud           Conj/Pois/Air  8%         N/A       26%         3
 Blink                    Tloc           4%         N/A       28%         2
 Lesser Beckoning         Tloc           4%         N/A       28%         2
 Poisonous Vapours        Pois/Air       4%         N/A       28%         2
 Freezing Cloud           Conj/Ice/Air   5%         6-21      83%         5
 Agony                    Necr           2%         N/A       99%         5
 Silence                  Hex/Air        1%         N/A       99%         5


Dungeon Overview and Level Annotations

Branches:
Dungeon (5/15)
 Temple: D:4-7

Altars:
Ashenzari
Ru

Shops:
D:4 [

Annotations:
D:4 Pikel


Innate Abilities, Weirdness & Mutations

You are immune to sickness and miasma.
Your stone body is resilient. (AC +4)
You are immune to poison.
You resist negative energy. (rN+)
You are resistant to electric shocks. (rElec)
You are resistant to unholy torment.
You are immune to petrification.


Message History

You hit Edmund but do no damage.
Edmund is heavily wounded.
Edmund hits you with a +2 flail of venom!
* * * LOW HITPOINT WARNING * * *
You are too injured to fight recklessly!
You are too injured to fight recklessly!
Casting: Kiss of Death (safe; 6% risk of failure)
Confirm with . or Enter, or press ? or * to list all spells.
Aiming: Kiss of Death (safe; 6% risk of failure)
Press: ? - help, Shift-Dir - straight line, f/p - Edmund
Aim: Edmund, wielding a +2 flail of venom and wearing a +0 leather armour (heavily wounded, lightly drained, 100% to hit)
The negative energy hits Edmund!
Edmund is drained!
Edmund is almost dead.
You feel drained. Edmund hits you but does no damage.
You slash Edmund! You burn Edmund.
You kill Edmund!
You now have 189 gold pieces (gained 11).
Things that are here:
a +2 flail of venom; a +0 leather armour; the human corpse of Edmund Unknown command.
Unknown command.
Things that are here:
a +2 flail of venom; a +0 leather armour; the human corpse of Edmund
B - a +2 flail of venom Unknown command.
There is a stone staircase leading down here.
You start resting.
An orc priest is nearby!
The orc priest shouts!
Things that are here:
a +0 leather armour; the human corpse of Edmund The orc shouts!
The orc priest mumbles some strange prayers to Beogh against you.
Beogh smites you!
Ouch! That really hurt!
* * * LOW HITPOINT WARNING * * *
The orc shouts!
The orc priest mumbles some strange prayers to Beogh against you.
Beogh smites you!
You die...

...............# #.#
.........#.....# #.#
.........#.....# #.#
.........#.....####### #.#
.....................###.#
.........................#
#........###########.#####
####'##.....########.#
..............oo@..[>#
............o[......<#
..........o.########.#
#######...........##.#
#...........##.#
#....†......##.#
#...........##.#
#...........##.#
#...........##.#


You could see an orc priest and 3 orcs.

Vanquished Creatures
  Edmund (D:3)
  Menkaure (D:4)
  Duvessa (D:4)
  A centaur (D:5)
  2 lemures
  Dowan (D:4)
  2 hounds
  An iguana (D:4)
  5 adders
  3 worms
  5 dart slugs
  7 orcs
  9 ball pythons
  8 bats
  7 endoplasms
  6 giant cockroaches
  8 goblins
  4 hobgoblins
  2 jackals (D:2)
  7 kobolds
  2 quokkas
  4 frilled lizards
  7 rats
94 creatures vanquished.

Notes
Turn   | Place    | Note
-------+----------+-------------------------------------------
     0 | D:1      | drjones the Gargoyle Reaver began the quest for the Orb.
     0 | D:1      | Reached XP level 1. HP: 12/12 MP: 3/3
   179 | D:1      | Reached XP level 2. HP: 17/17 MP: 5/5
   408 | D:1      | Reached XP level 3. HP: 17/21 MP: 6/6
   755 | D:2      | Reached skill level 4 in Conjurations
   772 | D:2      | Learned a level 3 spell: Hailstorm
   849 | D:2      | Reached XP level 4. HP: 26/26 MP: 6/8
  1637 | D:3      | Reached skill level 1 in Ice Magic
  1640 | D:3      | You fall into a shaft and drop 2 floors!
  1640 | D:5      | Entered Level 5 of the Dungeon
  1763 | D:5      | Identified the +1 pair of boots of Courage {Str+4 Dex+2}
  1785 | D:4      | Noticed a phantom
  1855 | D:4      | Found Waekh's Armour Shoppe.
  1861 | D:4      | Noticed Edmund
  2035 | D:5      | Found a sacrificial altar of Ru.
  2036 | D:5      | Noticed a centaur
  2056 | D:5      | Killed a centaur
  2057 | D:5      | Reached XP level 5. HP: 15/30 MP: 7/9
  2062 | D:5      | Became a worshipper of Ru the Awakened
  2456 | D:5      | Reached XP level 6. HP: 29/35 MP: 10/10
  2773 | D:3      | Found a broken altar of Ashenzari.
  3243 | D:4      | Noticed Duvessa
  3279 | D:4      | Killed Duvessa
  3280 | D:4      | Reached skill level 5 in Conjurations
  3386 | D:4      | Noticed Pikel
  3629 | D:4      | Noticed Menkaure
  3668 | D:4      | Killed Menkaure
  3669 | D:4      | Reached XP level 7. HP: 40/40 MP: 11/13
  3710 | D:4      | Noticed Dowan
  3722 | D:4      | Killed Dowan
  3781 | D:3      | Killed Edmund
  3846 | D:3      | Killed from afar by an orc priest

Illustrated notes

Levels and vault maps discovered:
D:1:      dpeg_arrival_oval, layout_basic, minmay_vboxes
D:2:      layout_basic
D:3:      layout_basic, mainiacjoe_overflow_surrounded_room
D:4:      layout_basic, grunt_qazlal_clouds, serial_shops,
          nicolae_take_the_stairs, uniq_edmund, uniq_duvessa, uniq_pikel,
          uniq_menkaure
D:5:      layout_basic, mainiacjoe_overflow_chevrons

Skill      XL: |  1  2  3  4  5  6 |
---------------+-------------------+-----
Long Blades    | 3 4 |  4.6
Conjurations   | 4 5 |  5.7
Ice Magic      | 1 3 |  3.3
Spellcasting   | 3 4 |  4.2
Fighting       | |  2.1
Dodging        | |  1.5

Action                     |  1- 3 |  4- 6 |  7- 9 || total
---------------------------+-------+-------+-------++-------
  Melee: Falchion          |   144 |   240 |    17 ||   401
         Punch             |     1 |     1 |       ||     2
   Fire: Sling             |       |    24 |       ||    24
   Cast: Kiss of Death     |       |     2 |     3 ||     5
         Hailstorm         |       |       |     1 ||     1
  Evoke: Wand              |       |     2 |       ||     2
    Use: Scroll            |     5 |     3 |       ||     8
   Stab: Sleeping          |       |     1 |       ||     1
 Armour: Leather armour    |    71 |    65 |       ||   136
         Scale mail        |       |    37 |       ||    37
         Robe              |       |    42 |    17 ||    59
  Dodge: Dodged            |   103 |   149 |    18 ||   270

Table legend: (Time is in decaauts)
 A = Elapsed time spent in this place.
 B = Non-inter-level travel time spent in this place.
 C = Inter-level travel time spent in this place.
 D = Time resting spent in this place.
 E = Time spent auto-exploring this place.
 F = Levels seen in this place.
 G = Mean time per level.
                   A        B        C        D        E       F      G
               +--------+--------+--------+--------+--------+-----+--------+
         Total |   3907 |   3790 |    117 |    276 |   2199 |   5 |  781.4 |
       Dungeon |   3907 |   3790 |    117 |    276 |   2199 |   5 |  781.4 |
               +--------+--------+--------+--------+--------+-----+--------+

Top non-repeatable levels by time:
     D:3: 855 daAuts
     D:2: 792 daAuts
     D:1: 777 daAuts
     D:4: 757 daAuts
     D:5: 723 daAuts
